 Dungeon Crawl Stone Soup version 0.31.0-11-ge490571c62 (webtiles) character file.

Game seed: 4002446148867251145

394639 sentinel the Conqueror (level 21, -2/224 HPs)
             Began as a Minotaur Monk on Jan 29, 2024.
             Was a High Priest of Okawaru.
             Killed from afar by a Killer Klown (63 damage)
             ... with a klown pie
             ... on level 5 of the Realm of Zot.
             The game lasted 00:50:52 (34779 turns).

sentinel the Conqueror (Minotaur Monk)             Turns: 34779, Time: 00:50:52

Health: -2/224     AC: 43    Str: 32 (35) XL:     21   Next: 21%
Magic:  26/29      EV: 18    Int:  5 (7)  God:    Okawaru [*****.]
Gold:   4425       SH:  0    Dex: 18 (20) Spells: 20/20 levels left

rFire   + . .        a - +9 executioner's axe (vamp)
rCold   + . .        (shield currently unavailable)
rNeg    . . .        l - +7 plate armour of Watchfulness {rC+}
rPois   .            W - +1 hat of the Dwarven Hall {-Cast Str+5 Dex+5}
rElec   .            o - +2 cloak
rCorr   .            S - +2 pair of gloves {Str+3}
SInv    .            k - +2 pair of boots
Will    +++..        e - amulet of regeneration Stlth
                     B - ring "Kaess" {Will++ AC+4 Str+2}
HPRegen 1.37/turn    Z - ring of protection from fire
MPRegen 0.21/turn

%: no spellcasting
@: silenced, finesse-ful, fragile (+50% incoming damage), studying Throwing,
invisible
A: horns 2, retaliatory headbutt, deterioration 1
}: 3/15 runes: decaying, abyssal, gossamer
a: Renounce Religion


You were on level 5 of the Realm of Zot.
You worshipped Okawaru.
Okawaru was extremely pleased with you.
You visited 10 branches of the dungeon, and saw 45 of its levels.
You visited the Abyss 1 time.
You also visited: Gauntlet.

You collected 5776 gold pieces.
You spent 1351 gold pieces at shops.

Inventory:

Hand Weapons
 a - a +9 vampiric executioner's axe (weapon)
 b - a +0 broad axe of flaming
 j - the +8 frozen axe "Frostbite" {freeze, freezing cloud, *Noise Fly rC+}
   (You found it on level 1 of the Vaults)

   rC+:       It protects you from cold.
   Fly:       It grants you flight.
   *Noise:    It may make a loud noise when swung.
 p - a +0 flail of distortion
Missiles
 g - 29 boomerangs (quivered)
Armour
 k - a +2 pair of boots (worn)
 l - the +7 plate armour of Watchfulness (worn) {rC+}
   (Okawaru gifted it to you on level 4 of the Lair of Beasts)

   rC+:       It protects you from cold.
 o - a +2 cloak (worn)
 H - a +1 chain mail of fire resistance
 S - a +2 pair of gloves of strength (worn)
 W - the +1 hat of the Dwarven Hall (worn) {-Cast Str+5 Dex+5}
   (You acquired it on level 4 of the Lair of Beasts)

   Str+5:     It affects your strength (+5).
   Dex+5:     It affects your dexterity (+5).
   -Cast:     It prevents spellcasting.
 Y - +4 storm dragon scales {Bai Suzhen}
Jewellery
 e - an amulet of regeneration (around neck)
 i - a ring of protection from fire
 v - a +5 ring of evasion
 x - the ring "Gait Ywn" {Dex+6 Slay+3}
   (You found it in a Gauntlet)

   [ring of dexterity]

   Dex+6:     It affects your dexterity (+6).
   Slay+3:    It affects your accuracy & damage with ranged weapons and melee
   (+3).
 B - the ring "Kaess" (left hand) {Will++ AC+4 Str+2}
   (You took it off a deep elf high priest on level 3 of the Elven Halls)

   [ring of protection]

   AC+4:      It affects your AC (+4).
   Str+2:     It affects your strength (+2).
   Will++:    It greatly increases your willpower.
 Z - a ring of protection from fire (right hand)
Wands
 A - a wand of quicksilver (10)
 D - a wand of digging (2)
 I - a wand of roots (31)
 T - a wand of mindburst (19)
 V - a wand of flame (43)
Scrolls
 f - 2 scrolls of fog
 r - a scroll of enchant armour
 t - 12 scrolls of teleportation
 y - 2 scrolls of immolation
 C - 4 scrolls of vulnerability
 G - 6 scrolls of poison
 K - 5 scrolls of silence {!r}
 P - 4 scrolls of fear
Potions
 c - 7 potions of ambrosia
 d - 4 potions of might
 h - 3 potions of haste
 m - 8 potions of enlightenment
 n - a potion of resistance
 q - 2 potions of curing
 s - a potion of cancellation
 u - 3 potions of magic
 w - a potion of heal wounds
 M - 7 potions of mutation
 Q - 2 potions of lignification
 X - 2 potions of invisibility
Miscellaneous
 U - a phial of floods


   Skills:
 O Level 27 Fighting
 - Level 22.0 Axes
 + Level 20.6 Armour
 + Level 16.8 Dodging
 - Level 12.0 Invocations
 - Level 5.0 Evocations


You had 20 spell levels left.
You didn't know any spells.
Your spell library contained the following spells:

 Spells                   Type           Power      Damage    Failure   Level
 Apportation              Tloc           0%         N/A       89%         1
 Kiss of Death            Conj/Necr      0%         2d5       89%         1
 Magic Dart               Conj           0%         1d3       89%         1
 Sting                    Conj/Alch      0%         1d3       89%         1
 Blink                    Tloc           0%         N/A       96%         2
 Cigotuvi's Dreadful Rot  Necr/Alch/Air  0%         N/A       96%         2
 Jinxbite                 Hex            0%         N/A       96%         2
 Lesser Beckoning         Tloc           0%         N/A       96%         2
 Mercury Vapours          Alch/Air       0%         N/A       96%         2
 Searing Ray              Conj           0%         2d4       96%         2
 Sublimation of Blood     Necr           0%         N/A       96%         2
 Frozen Ramparts          Ice            0%         1d1       99%         3
 Gell's Gravitas          Tloc           0%         N/A       99%         3
 Ozocubu's Armour         Ice            0%         N/A       99%         3
 Teleport Other           Tloc           0%         N/A       99%         3
 Volatile Blastmotes      Fire/Tloc      0%         2d10      99%         3
 Anguish                  Hex/Necr       0%         N/A       100%        4
 Cause Fear               Hex            0%         N/A       100%        4
 Dimensional Bullseye     Hex/Tloc       0%         N/A       100%        4
 Dispel Undead            Necr           0%         3d6       100%        4
 Fulminant Prism          Conj/Alch      0%         3d5       100%        4
 Iskenderun's Mystic Bla  Conj/Tloc      0%         2d3       100%        4
 Leda's Liquefaction      Alch/Erth      0%         N/A       100%        4
 Olgreb's Toxic Radiance  Alch           0%         N/A       100%        4
 Passage of Golubria      Tloc           0%         N/A       100%        4
 Petrify                  Alch/Erth      0%         N/A       100%        4
 Vhi's Electric Charge    Tloc/Air       0%         N/A       100%        4
 Alistair's Intoxication  Alch           0%         N/A       100%        5
 Arcjolt                  Conj/Air       0%         1d10      100%        5
 Borgnjor's Vile Clutch   Necr/Erth      0%         N/A       100%        5
 Fireball                 Conj/Fire      0%         3d3       100%        5
 Iskenderun's Battlesphe  Conj           0%         2d6       100%        5
 Lee's Rapid Deconstruct  Erth           0%         3d4*      100%        5
 Metabolic Englaciation   Hex/Ice        0%         N/A       100%        5
 Silence                  Hex/Air        0%         N/A       100%        5
 Bombard                  Conj/Erth      0%         9d1       100%        6
 Conjure Ball Lightning   Conj/Air       0%         3x3d6     100%        6
 Dispersal                Tloc           0%         N/A       100%        6
 Plasma Beam              Fire/Air       0%         2x1d10    100%        6
 Ozocubu's Refrigeration  Ice            0%         4d7       100%        7
 Borgnjor's Revivificati  Necr           0%         N/A       100%        8
 Discord                  Hex            0%         N/A       100%        8
 Disjunction              Tloc           0%         N/A       100%        8
 Lehudib's Crystal Spear  Conj/Erth      0%         10d2      100%        8
 Maxwell's Capacitive Co  Air            0%         ∞         100%        8
 Death's Door             Necr           0%         N/A       100%        9
 Polar Vortex             Ice            0%         N/A       100%        9
 Call Imp                 Summ           Unusable   N/A       N/A         2
 Tukima's Dance           Hex            Unusable   N/A       N/A         3
 Animate Armour           Summ/Erth      Unusable   N/A       N/A         4
 Animate Dead             Necr           Unusable   N/A       N/A         4
 Martyr's Knell           Necr/Summ      Unusable   N/A       N/A         4
 Summon Lightning Spire   Summ/Air       Unusable   N/A       N/A         4
 Summon Forest            Summ/Tloc      Unusable   N/A       N/A         5
 Summon Mana Viper        Hex/Summ       Unusable   N/A       N/A         5
 Death Channel            Necr           Unusable   N/A       N/A         6
 Sculpt Simulacrum        Ice/Alch       Unusable   N/A       N/A         6
 Summon Cactus Giant      Summ           Unusable   N/A       N/A         6
 Haunt                    Necr/Summ      Unusable   N/A       N/A         7
 Spellforged Servitor     Conj/Summ      Unusable   N/A       N/A         7
 Summon Hydra             Summ           Unusable   N/A       N/A         7
 Dragon's Call            Summ           Unusable   N/A       N/A         9

Dungeon Overview and Level Annotations

Branches:
Dungeon (15/15) Zot: 24937  Temple (1/1) D:4 Zot: 5982    Lair (5/5) D:9 Zot: 21959
  Swamp (4/4) Lair:2 Zot: 22705  Spider (4/4) Lair:2 Zot: 21711   Slime (0/5) Lair:4
    Orc (2/2) D:12 Zot: 10339     Elf (3/3) Orc:2 Zot: 14948  Vaults (2/5) D:14 Zot: 10242
 Depths (4/4) D:15 Zot: 23202     Zot (5/5) Depths:4 Zot: 26338 Gauntlet (visited)
  Crypt: Vaults:2-3

Altars:
Ashenzari
Cheibriados
Dithmenos
Elyvilon
Fedhas
Gozag
Hepliaklqana
Kikubaaqudgha
Makhleb
Nemelex Xobeh
Okawaru
Qazlal
Ru
Sif Muna
Trog
Uskayaw
Vehumet
Wu Jian
Xom
Yredelemnul
Zin
The Shining One

Shops:
D:6 [   D:7 =   D:12 *   Orc:2 (=[(

Portals:
Hell: Depths:4
Abyss: Depths:2

Annotations:
D:3 3 runed translucent doors, protoss039's ghost, weakling DsEE
D:4 Edmund
Lair:3 2 transporters, Oluanan's ghost, journeyman DsFi
Elf:2 3 runed translucent doors
Depths:2 1 exclusion


Innate Abilities, Weirdness & Mutations

You have a pair of horns on your head.
You reflexively headbutt those who attack you in melee.
Your body sometimes deteriorates upon taking damage.


Message History

You kill the Orb Guardian!
Okawaru accepts your kill.
You slice something!! You miss something.
The Killer Klown blinks!
Something barely misses you.
You hear some strange, mumbled words.
The Killer Klown honks.
You slice something!! You headbutt something. You miss something.
Your headbutt misses something.
The Killer Klown blinks!
Something touches you but does no damage.
You slash something! You slice something!! Okawaru is honoured by your kill.
Okawaru grants you throwing weapons! Something appears at your feet!
Reactivating autopickup.
You feel a bit more experienced.
You cut something into ribbons!!!
You hit the Killer Klown but do no damage.
Your life force feels restored.
You slash the Killer Klown!
You feel better.
Your headbutt misses the Killer Klown.
The Killer Klown is lightly wounded.
You barely miss something.
The Killer Klown teases you with a +10 heavy club!!
You slice the Killer Klown like a ripe choko!!!
You feel better.
Your headbutt misses the Killer Klown.
The Killer Klown is moderately wounded.
You barely miss something.
You hear a deafening roar!
You carve the Killer Klown like a ham!!!
You feel better.
You headbutt the Killer Klown, but do no damage.
The Killer Klown is severely wounded.
You slice something!!
You feel better.
You hear a roar! x2
A green draconian monk comes into view.
A bolt of lightning appears from out of thin air!
Deactivating autopickup; reactivate with Ctrl-A.
The bolt of lightning hits you. The bolt of lightning misses you.
The bolt of lightning hits something.
You closely miss the Killer Klown.
You hear a roar!
Your headbutt misses the Killer Klown.
The Killer Klown is severely wounded.
You hit something.
You feel better.
The green draconian monk roars!
You hear a shout!
You slice the Killer Klown!!
The Killer Klown is almost dead.
You slice something like a ripe choko!!!
The green draconian monk roars!
The Killer Klown blinks!
You miss something.
The green draconian monk roars!
The green draconian monk roars!
The Killer Klown blinks!
You feel like a meek peon again.
The green draconian monk roars!
The Killer Klown pies you viciously!
The klown pie hits you but does no damage.
The Killer Klown blinks!
Things that are here:
a +0 broad axe; a +0 war axe; a green draconian corpse You miss the Killer Klown.
Your headbutt misses the Killer Klown. You miss the Killer Klown.
The Killer Klown pies you viciously! The klown pie hits you!!
Blueberry!
An unnatural silence engulfs you.
The Killer Klown karate-kicks you with a +8 club of pain!
You writhe in agony!
You slice the Killer Klown!! Your headbutt misses the Killer Klown.
The Killer Klown is moderately wounded.
A bolt of lightning appears from out of thin air!
The bolt of lightning misses you.
You slice the Killer Klown!! Your headbutt misses the Killer Klown.
The Killer Klown is moderately wounded.
The Killer Klown eye-gouges you but does no damage.
You writhe in agony!
You barely miss the Killer Klown.
The Killer Klown is moderately wounded.
You slice the Killer Klown!!
You feel better.
You headbutt the Killer Klown!
The Killer Klown is severely wounded.
The Killer Klown teases you but does no damage.
A storm dragon comes into view.
You closely miss the Killer Klown. You headbutt the Killer Klown.
The Killer Klown is severely wounded.
You slash something!
You feel better.
You closely miss the Killer Klown. Your headbutt misses the Killer Klown.
The Killer Klown is severely wounded.
You closely miss something.
The Killer Klown blinks! x2
Something hits you but does no damage.
You slash the Killer Klown! Your headbutt misses the Killer Klown.
The Killer Klown is lightly wounded.
You slash something!
You feel better. Okawaru accepts your kill.
Reactivating autopickup.
You feel a bit more experienced.
An orb of fire comes into view.
The Killer Klown pokes out its tongue.
You feel your strength returning.
You barely miss the Killer Klown. Your headbutt misses the Killer Klown.
The Killer Klown is lightly wounded.
The Killer Klown pounds you with a +9 club of electrocution.
You barely miss the Killer Klown. You headbutt the Killer Klown.
The Killer Klown is lightly wounded.
A Killer Klown comes into view. It is wielding a +9 club of freezing.
The Killer Klown pies you viciously! The klown pie hits you!!!
Peanut brittle!
Your body becomes as fragile as glass!
Your body deteriorates!
You feel weakened. The Killer Klown pies you viciously!
The klown pie misses you.
Unknown command.
Okay, then.
The Killer Klown attacks as it pursues you!
The Killer Klown tickles you with a +9 club of electrocution!!
You are electrocuted!
The Killer Klown blinks!
The Killer Klown barely misses you.
You slash the Killer Klown! You headbutt the Killer Klown!
The Killer Klown is moderately wounded.
You slash the Killer Klown! Your headbutt misses the Killer Klown.
The Killer Klown is moderately wounded.
The Killer Klown pies you viciously! The klown pie hits you!
Blueberry!
You feel your silence will last longer.
The Killer Klown squeezes you with a +9 club of electrocution!
* * * LOW HITPOINT WARNING * * *
You slash the Killer Klown!
You feel better.
You headbutt the Killer Klown!!
The Killer Klown is almost dead.
You slash the Killer Klown!
The Killer Klown squeezes you but does no damage.
You writhe in agony.
* * * LOW HITPOINT WARNING * * *
You closely miss the Killer Klown. You headbutt the Killer Klown!!
You kill the Killer Klown!
Okawaru accepts your kill.
You closely miss the Killer Klown.
The Killer Klown blinks! x2
The Killer Klown headlocks you with a +9 club of electrocution!!
* * * LOW HITPOINT WARNING * * *
HP warning!
The Killer Klown blinks!
The black draconian knight breathes lightning at you.
The bolt of lightning misses you.
There is an open door here.
HP warning!
HP warning!
You miss the Killer Klown. Your headbutt misses the Killer Klown.
The Killer Klown is moderately wounded.
The Killer Klown kneecaps you but does no damage.
HP warning!
You feel much better. The Killer Klown pies you viciously!
The klown pie hits you!!!
Blueberry!
You feel your silence will last longer.
You die...

+##'#####)# #.###...............
.........)####.# #........[).....
#######)#⌠.....###....p..)[......
#[######...#............... #)#
###.#............... ## #.#
#.#.p.......⌠..... ..### #.#
###.#).............. ..'.# #.#
#.p.'q*....####+####
#.###.######.#@#(§q...#.......'
#..............#.)..*.#.......#
#.###.##########....q.........#
### ### #######.######## .d. ....
.X.... ..... ....


You could see an orb of fire, 3 Killer Klowns and a green draconian monk (unable
to see you).

Vanquished Creatures
  A dread lich (Zot:5)
  An ancient lich (Zot:5)
  Bai Suzhen (Spider:4)
  A Killer Klown (Zot:5)
  Saint Roka (Orc:2)
  2 golden dragons
  Nikola (Vaults:1)
  The ghost of Pikuto the Slayer, an adept MiBe of Trog (Depths:2)
  A bone dragon (Depths:4)
  2 tentacled monstrosities
  Zenata (Elf:3)
  Mlioglotl (Spider:1)
  2 deep elf master archers (Elf:3)
  11 Orb Guardians
  2 deep elf blademasters (Elf:3)
  A lich (Abyss:3)
  A walking divine tome (Depths:4)
  2 tentacled starspawn (Abyss:3)
  A quicksilver dragon (Zot:5)
  3 death cobs
  Agnes (Spider:4)
  A thorn hunter (Swamp:4)
  3 storm dragons
  3 fenstrider witches (Swamp:4)
  2 shadow dragons
  2 tengu reavers
  3 protean progenitors
  Aizul (Swamp:1)
  4 draconian monks (Zot:2)
  2 fire giants
  4 draconian knights
  A balrug (Depths:2)
  5 deep elf sorcerers
  3 deep elf elementalists (Elf:3)
  6 emperor scorpions (Spider:4)
  8 ghost moths
  2 ghouls (Swamp:3)
  2 orc warlords
  4 vault wardens
  A draconian scorcher (Zot:5)
  A draconian stormcaller (Depths:4)
  2 draconian annihilators
  3 ironbound thunderhulks
  2 broodmothers
  5 ironbound preservers (Vaults:2)
  A very ugly thing (Vaults:2)
  6 green draconians
  7 deep elf death magi (Elf:3)
  4 deep elf demonologists
  2 black draconians
  7 deep elf annihilators (Elf:3)
  8 spark wasps
  3 eleionomae
  5 white draconians
  2 bunyips (Zot:5)
  2 dire elephants (Spider:4)
  4 red draconians
  3 purple draconians
  6 yellow draconians
  A minotaur (Gauntlet)
  3 ettins
  Josephine (D:13)
  3 fire dragons (Depths:4)
  A ragged hierophant (Elf:2)
  5 yaktaur captains
  4 deep elf high priests
  3 great orbs of eyes
  3 entropy weavers
  5 hydras
  9 vault guards
  2 hell beasts (Swamp:4)
  2 ogre magi
  A peacekeeper (Vaults:2)
  3 rakshasas
  5 catoblepae (Lair:5)
  7 alligators
  A ghost crab (Swamp:4)
  Erica (D:8)
  3 radroaches
  7 boulder beetles
  5 ironbound frosthearts
  3 spriggan air magi (Depths:2)
  2 jorogumos (Spider:1)
  6 dancing weapons
  3 satyrs
  A centaur warrior (D:13)
  7 two-headed ogres
  5 tengu warriors
  An occultist (Depths:2)
  11 death yaks
  A thrashing horror (Abyss:3)
  A deep troll shaman (Depths:4)
  A deep troll earth mage (Depths:1)
  2 demonic crawlers
  2 orc high priests
  A spriggan berserker (Depths:2)
  8 deep elf knights
  2 sun demons (Depths:2)
  4 soul eaters
  2 sixfirhies (Swamp:4)
  A skyshark (Lair:5)
  4 pharaoh ants
  A wretched star (Abyss:3)
  4 goliath frogs
  3 skeletal warriors (D:13)
  3 iron trolls
  3 spriggan druids
  22 deep trolls
  7 orb spiders
  2 flayed ghosts (Depths:4)
  A shock serpent (shapeshifter) (Elf:1)
  5 swamp dragons
  4 bog bodies
  11 glowing orange brains
  2 sun moths
  5 arcanists
  2 lindwurms
  A necromancer (D:15)
  A mana viper (shapeshifter) (Elf:2)
  11 deep elf archers
  29 deep elf zephyrmancers
  5 ironbound convokers
  23 ugly things
  14 wolf spiders
  5 steelbarb worms
  5 starcursed masses (Abyss:3)
  18 deep elf pyromancers
  3 harpies (shapeshifter)
  5 manticores
  4 orc sorcerers
  A salamander (Depths:2)
  3 will-o-the-wisps
  2 cyclopes (D:15)
  19 elephants
  A worldbinder (Abyss:3)
  9 meliai
  A moth of wrath (shapeshifter) (Depths:4)
  11 moths of wrath
  Maurice (D:9)
  2 apocalypse crabs (Abyss:3)
  7 torpor snails
  3 black mambas
  5 gargoyles
  7 vault sentinels
  8 kobold blastminers
  4 smoke demons
  A large abomination (Abyss:3)
  Jeremiah (D:7)
  A rime drake (Lair:1)
  7 cane toads
  3 orange demons (Swamp:4)
  10 yaktaurs
  12 komodo dragons
  An ice devil (Abyss:3)
  3 unseen horrors
  3 tengu conjurers (Depths:2)
  An ancient zyme (Abyss:3)
  A hydra zombie (Swamp:2)
  A kobold demonologist (D:11)
  A yaktaur (shapeshifter) (Elf:1)
  A freezing wraith (D:15)
  2 trolls
  A troll (shapeshifter) (Elf:1)
  11 hornets
  A polar bear (Lair:5)
  3 saltlings (Elf:2)
  5 hellwings (Swamp:4)
  26 blink frogs
  A glass eye (shapeshifter) (Elf:1)
  14 tarantellas
  A snapping turtle (shapeshifter) (Elf:1)
  7 tyrant leeches
  25 slime creatures
  10 raiju (Abyss:3)
  25 jumping spiders
  Sigmund (D:3)
  7 shadows
  2 ynoxinuls
  2 vampires
  6 air elementals
  11 culicivoras
  5 wraiths
  65 yaks
  4 spriggans
  3 spriggans (shapeshifter)
  2 water elementals
  A hog (shapeshifter) (D:15)
  A human (D:14)
  3 fire bats (Lair:4)
  5 fire elementals
  Grum (D:9)
  2 neqoxecs (Abyss:3)
  6 wargs
  4 wyverns
  A steam dragon (D:8)
  18 redbacks
  13 vampire mosquitoes
  3 basilisks
  8 swamp worms
  3 acid dragons
  11 water moccasins
  A hell hound (Spider:4)
  37 orc warriors
  A black bear (Lair:3)
  A swamp drake (Swamp:1)
  2 laughing skulls (D:13)
  8 ogres
  3 boggarts (D:12)
  5 centaurs
  16 wolves
  A phantom (D:5)
  13 bullfrogs
  2 kobold brigands
  A gnoll sergeant (D:6)
  2 necrophages (Swamp:3)
  2 earth elementals (Elf:2)
  3 scorpions
  9 wights
  9 killer bees
  4 electric eels
  4 howler monkeys
  A crimson imp (D:8)
  A hound (D:5)
  24 orc priests
  2 bombardier beetles
  A gnoll bouda (D:8)
  An iguana (D:5)
  4 iron imps (Gauntlet)
  3 jellies
  Natasha (twice) (D:3)
  25 orc wizards
  Robin (D:3)
  14 gnolls
  3 adders
  3 shadow imps
  5 ufetubi
  A ribbon worm (shapeshifter) (Elf:1)
  2 dart slugs
  3 ribbon worms (Lair:2)
  115 orcs
  7 endoplasms
  3 giant cockroaches
  16 goblins
  11 hobgoblins
  2 quokkas (D:2)
  6 ball pythons
  A bat (D:2)
  A frilled lizard (D:3)
  21 kobolds
  2 rats (D:1)
  3 starspawn tentacles (Abyss:3)
1369 creatures vanquished.

Vanquished Creatures (others)
  A green draconian (Zot:5)
  A goliath frog (Swamp:4)
  A deep elf zephyrmancer (Elf:1)
  A bloated husk (Swamp:4)
  A swamp drake (Swamp:4)
  A howler monkey (D:13)
  21 foxfires
  A lurking horror (Abyss:3)
  A starspawn tentacle (Abyss:3)
29 creatures vanquished.

Grand Total: 1398 creatures vanquished

Notes
Turn   | Place    | Note
-------+----------+-------------------------------------------
     0 | D:1      | sentinel the Minotaur Monk began the quest for the Orb.
     0 | D:1      | Reached XP level 1. HP: 19/19 MP: 0/0
   175 | D:1      | Reached XP level 2. HP: 22/26 MP: 1/1
   616 | D:2      | Reached skill level 5 in Axes
   774 | D:2      | Noticed a bombardier beetle
   782 | D:2      | Killed a bombardier beetle
   783 | D:2      | Reached XP level 3. HP: 30/31 MP: 2/2
   798 | D:3      | Noticed a kobold brigand
   798 | D:3      | Noticed protoss039's ghost (weakling DsEE)
   798 | D:3      | Found a runed translucent gate.
   798 | D:3      | Found a runed translucent gate.
   798 | D:3      | Found a runed translucent gate.
   807 | D:3      | Noticed Robin
   874 | D:3      | Reached XP level 4. HP: 33/39 MP: 3/3
   879 | D:3      | Killed Robin
   880 | D:3      | Reached skill level 1 in Armour
  1165 | D:3      | Noticed Natasha
  1182 | D:3      | Killed Natasha
  1183 | D:3      | Reached XP level 5. HP: 14/45 MP: 4/4
  1383 | D:3      | Noticed Sigmund
  1523 | D:3      | Killed Sigmund
  1524 | D:3      | Reached XP level 6. HP: 36/51 MP: 5/5
  1670 | D:3      | Noticed Natasha
  1677 | D:3      | Killed Natasha
  2167 | D:4      | Reached skill level 4 in Fighting
  2360 | D:4      | Found a staircase to the Ecumenical Temple.
  2400 | D:4      | Noticed Edmund
  2432 | Temple   | Entered the Ecumenical Temple
  2440 | Temple   | Became a worshipper of Warmaster Okawaru
  2440 | Temple   | Reached * piety under Okawaru
  2440 | Temple   | Reached ** piety under Okawaru
  2462 | D:5      | Entered Level 5 of the Dungeon
  2476 | D:5      | Reached XP level 7. HP: 27/60 MP: 6/6
  2623 | D:5      | Identified the +2 rapier of Magnificence {drain, rPois
                  | Str+5}
  2843 | D:5      | Reached skill level 1 in Invocations
  3493 | D:6      | Found Vekhlyfa's Antique Armour Shop.
  3563 | D:6      | Bought a glowing chain mail for 187 gold pieces
  3590 | D:6      | Reached *** piety under Okawaru
  3591 | D:6      | Reached skill level 5 in Invocations
  3591 | D:6      | Reached XP level 8. HP: 55/67 MP: 10/10
  3721 | D:6      | Found a sacrificial altar of Ru.
  3723 | D:6      | Found a glowing silver altar of Zin.
  3723 | D:6      | Found a basalt altar of Yredelemnul.
  3738 | D:6      | Reached skill level 5 in Fighting
  3955 | D:6      | HP: 3/68 [poisoned by a gnoll sergeant]
  4255 | D:7      | Found Ydem Ciu's Jewellery Emporium.
  4292 | D:6      | Bought a cloak for 112 gold pieces
  4556 | D:7      | Reached skill level 6 in Fighting
  5030 | D:7      | Noticed Jeremiah
  5048 | D:7      | Killed Jeremiah
  5048 | D:7      | Reached **** piety under Okawaru
  5049 | D:7      | Reached skill level 7 in Fighting
  5049 | D:7      | Reached XP level 9. HP: 67/79 MP: 12/12
  5225 | D:8      | Noticed a two-headed ogre
  5230 | D:8      | Killed a two-headed ogre
  5231 | D:8      | Reached skill level 10 in Axes
  5265 | D:8      | Reached skill level 8 in Fighting
  5409 | D:8      | Noticed Erica
  5420 | D:8      | Killed Erica
  5424 | D:8      | Reached skill level 9 in Fighting
  5648 | D:8      | Found a shimmering altar of Xom.
  5648 | D:8      | Found a burning altar of Makhleb.
  5978 | D:8      | Reached XP level 10. HP: 91/91 MP: 15/15
  6158 | D:8      | Reached ***** piety under Okawaru
  6403 | D:9      | Noticed Maurice
  6414 | D:9      | Killed Maurice
  6415 | D:9      | Reached skill level 1 in Evocations
  6684 | D:9      | Noticed a two-headed ogre
  6697 | D:9      | Killed a two-headed ogre
  6698 | D:9      | Reached skill level 10 in Fighting
  6817 | D:9      | Noticed Grum
  6825 | D:9      | Killed Grum
  6988 | D:9      | Found a staircase to the Lair.
  7000 | D:9      | Received a gift from Okawaru
  7483 | D:10     | Entered Level 10 of the Dungeon
  7850 | D:10     | Reached skill level 11 in Fighting
  8206 | D:10     | Noticed a two-headed ogre
  8236 | D:10     | Reached XP level 11. HP: 99/102 MP: 16/16
  8241 | D:10     | Killed a two-headed ogre
  8248 | D:10     | Reached skill level 5 in Evocations
  8482 | D:10     | Received a gift from Okawaru
  8992 | D:11     | Noticed a two-headed ogre
  9005 | D:11     | Killed a two-headed ogre
  9006 | D:11     | Reached skill level 12 in Fighting
  9713 | D:11     | Noticed a two-headed ogre
  9733 | D:11     | Killed a two-headed ogre
  9733 | D:11     | Received a gift from Okawaru
  9984 | Lair:1   | Entered Level 1 of the Lair of Beasts
 10152 | Lair:1   | Reached skill level 13 in Fighting
 10642 | Lair:1   | Received a gift from Okawaru
 10643 | Lair:1   | Reached skill level 15 in Axes
 10796 | Lair:1   | Reached XP level 12. HP: 116/116 MP: 17/17
 11374 | Lair:1   | Reached skill level 14 in Fighting
 12365 | Lair:2   | Found a hole to the Spider Nest.
 12388 | Lair:2   | Received a gift from Okawaru
 12405 | Lair:2   | Reached skill level 15 in Fighting
 12829 | Lair:2   | Found a staircase to the Swamp.
 12829 | Lair:2   | Noticed an eleionoma
 12841 | Lair:2   | Killed an eleionoma
 13244 | Lair:3   | Found a transporter.
 13426 | Lair:3   | Received a gift from Okawaru
 13665 | Lair:3   | Found a bloodstained altar of Trog.
 13665 | Lair:3   | Noticed Oluanan's ghost (journeyman DsFi)
 13719 | Lair:3   | Found a transporter.
 14161 | Lair:3   | Reached skill level 16 in Fighting
 14173 | Lair:3   | Noticed an eight-headed hydra
 14188 | Lair:3   | Killed an eight-headed hydra
 14202 | Lair:3   | Reached XP level 13. HP: 16/128 MP: 18/18
 15076 | Lair:4   | Identified 2 scrolls of acquirement
 15077 | Lair:4   | Acquired the +1 hat of the Dwarven Hall {-Cast Str+5 Dex+5}
 15089 | Lair:4   | Acquired 881 gold pieces
 15285 | Lair:4   | Found a staircase to the Slime Pits.
 15473 | Lair:4   | Received a gift from Okawaru
 16045 | Lair:4   | Reached skill level 17 in Fighting
 16046 | Lair:4   | Reached ****** piety under Okawaru
 16047 | Lair:4   | Acquired the +7 plate armour of Watchfulness {rC+}
 16047 | Lair:4   | Received a gift from Okawaru
 16486 | Lair:5   | Entered Level 5 of the Lair of Beasts
 16501 | Lair:5   | Received a gift from Okawaru
 16641 | Lair:5   | Reached skill level 5 in Armour
 16692 | Lair:5   | Acquired a +1 vampiric executioner's axe
 16692 | Lair:5   | Received a gift from Okawaru
 17068 | Lair:5   | Received a gift from Okawaru
 17151 | Lair:5   | Reached XP level 14. HP: 126/140 MP: 19/19
 17385 | Lair:5   | Received a gift from Okawaru
 18169 | D:12     | Found a gate leading to a gauntlet.
 18176 | Gauntlet | Entered a Gauntlet
 18176 | Gauntlet | Found a transporter.
 18176 | Gauntlet | Found a transporter.
 18194 | Gauntlet | Found a transporter.
 18194 | Gauntlet | Found a transporter.
 18198 | Gauntlet | Found a transporter.
 18198 | Gauntlet | Found a transporter.
 18224 | Gauntlet | Found a transporter.
 18228 | Gauntlet | Found a transporter.
 18240 | Gauntlet | Found a transporter.
 18250 | Gauntlet | Noticed a reaper
 18254 | Gauntlet | Found a transporter.
 18268 | Gauntlet | Found a transporter.
 18272 | Gauntlet | Found a transporter.
 18387 | Gauntlet | Identified the ring "Gait Ywn" {Dex+6 Slay+3}
 18416 | Gauntlet | Identified the +4 dagger of Breach {freeze, rPois rF- Str+5
                  | Stlth+}
 18446 | D:12     | Received a gift from Okawaru
 18516 | D:12     | Found Guhocver's General Store.
 18526 | D:12     | Bought a scroll of teleportation for 54 gold pieces
 18526 | D:12     | Bought a scroll of teleportation for 54 gold pieces
 18526 | D:12     | Bought a potion of heal wounds for 90 gold pieces
 18813 | D:12     | Found a staircase to the Orcish Mines.
 19152 | Orc:1    | Entered Level 1 of the Orcish Mines
 19305 | Orc:2    | Entered Level 2 of the Orcish Mines
 19335 | Orc:2    | Found Vudghest's Antique Weapon Boutique.
 19441 | Orc:2    | Noticed Saint Roka
 19450 | Orc:2    | Reached skill level 10 in Armour
 19451 | Orc:2    | Found Iruiteisch's Antique Weapon Shoppe.
 19471 | Orc:2    | Killed Saint Roka
 19488 | Orc:2    | Found Biogodoc's Antique Armour Emporium.
 19571 | Orc:2    | Found a staircase to the Elven Halls.
 19716 | Orc:2    | Noticed an orc warlord
 19723 | Orc:2    | Received a gift from Okawaru
 19734 | Orc:2    | Paralysed by an orc sorcerer for 2 turns
 19742 | Orc:2    | Killed an orc warlord
 19743 | Orc:2    | Reached XP level 15. HP: 142/146 MP: 13/20
 20260 | Orc:2    | Found Zaymn's Jewellery Shop.
 21218 | D:13     | Received a gift from Okawaru
 21562 | D:13     | Noticed Josephine
 21569 | D:13     | Killed Josephine
 21886 | D:14     | You fall into a shaft and drop 1 floor!
 21886 | D:15     | Entered Level 15 of the Dungeon
 21899 | D:15     | Received a gift from Okawaru
 22722 | D:15     | Reached skill level 18 in Fighting
 22725 | D:15     | Reached skill level 5 in Dodging
 22829 | D:15     | Received a gift from Okawaru
 22959 | D:15     | Identified the +4 arbalest "Beast's Death Toll" {freeze,
                  | rPois Will- rCorr Str+7}
 22969 | D:15     | Identified the +0 ring mail of Ipom {Dex+3}
 23114 | D:15     | Found a staircase to the Depths.
 23382 | Spider:1 | Entered Level 1 of the Spider Nest
 23408 | Spider:1 | Reached XP level 16. HP: 157/157 MP: 22/22
 23469 | Spider:1 | Noticed Mlioglotl
 23478 | Spider:1 | Killed Mlioglotl
 23479 | Spider:1 | Reached skill level 10 in Invocations
 23774 | Spider:3 | Received a gift from Okawaru
 23810 | Spider:4 | Entered Level 4 of the Spider Nest
 23874 | Spider:4 | Noticed Bai Suzhen
 23896 | Spider:4 | Killed Bai Suzhen
 23952 | Spider:4 | Noticed Agnes
 23962 | Spider:4 | Killed Agnes
 24412 | Spider:4 | Reached skill level 19 in Fighting
 24475 | Spider:4 | Reached skill level 15 in Armour
 24747 | Spider:4 | Received a gift from Okawaru
 24757 | Spider:4 | Lost intelligence.
 24847 | Spider:4 | Got a milky-white gem with 1013 turns to spare
 24851 | Spider:4 | Got a gossamer rune of Zot
 25248 | Spider:3 | Reached XP level 17. HP: 154/168 MP: 24/24
 25524 | D:7      | Bought a ring of protection from fire for 350 gold pieces
 25524 | D:7      | Bought a +6 ring of intelligence for 504 gold pieces
 25614 | Swamp:1  | Entered Level 1 of the Swamp
 25747 | Swamp:1  | Identified the serpent talisman of Love and Death {rN+ MP+9
                  | Dex+2}
 25747 | Swamp:1  | Noticed Aizul
 25759 | Swamp:1  | Killed Aizul
 25829 | Swamp:2  | Reached skill level 10 in Dodging
 25834 | Swamp:2  | Reached skill level 20 in Fighting
 26099 | Swamp:2  | You fall into a shaft and drop 1 floor!
 26206 | Swamp:4  | Entered Level 4 of the Swamp
 26373 | Swamp:4  | Reached skill level 21 in Fighting
 26478 | Swamp:4  | Got a mossy gem with 938 turns to spare
 26482 | Swamp:4  | Got a decaying rune of Zot
 26523 | Swamp:4  | Received a gift from Okawaru
 26606 | Swamp:3  | Reached skill level 22 in Fighting
 26779 | Swamp:2  | Got the Vellum of Reanimation Made Easy
 27177 | Elf:1    | Entered Level 1 of the Elven Halls
 27319 | Elf:1    | Found the +18 shield of the Gong {Loud rN+ Will+ rCorr
                  | EV-5}
 27488 | Elf:1    | Paralysed by an air elemental for 1 turns
 27969 | Elf:1    | Reached XP level 18. HP: 120/187 MP: 26/26
 27980 | Elf:1    | Reached skill level 23 in Fighting
 28188 | Elf:2    | Found a crumbling gateway.
 28299 | Elf:2    | Received a gift from Okawaru
 28307 | Elf:2    | Paralysed by an air elemental for 1 turns
 28528 | Elf:2    | Noticed a Brimstone Fiend
 28667 | Elf:2    | Reached skill level 24 in Fighting
 28848 | Elf:2    | Found a runed translucent gate.
 28848 | Elf:2    | Found a runed translucent gate.
 28849 | Elf:2    | Found a runed translucent gate.
 29018 | Elf:3    | Entered Level 3 of the Elven Halls
 29185 | Elf:3    | Noticed Zenata
 29201 | Elf:3    | Killed Zenata
 29324 | Elf:3    | Paralysed by an air elemental for 1 turns
 29530 | Elf:3    | Paralysed by an air elemental for 1 turns
 29623 | Elf:3    | Received a gift from Okawaru
 29640 | Elf:3    | Identified the ring "Kaess" {Will++ AC+4 Str+2}
 29641 | Elf:3    | Identified the +4 rapier of Unpleasantness {flame, *Noise
                  | rPois rN++ Int+3}
 29649 | Elf:3    | Reached skill level 25 in Fighting
 29778 | Elf:3    | Identified the +2 rapier "Biragg" {flame, *Slow ^Fragile
                  | rElec rN+++}
 29881 | Elf:3    | Identified the +8 trident "Sulub" {freeze, rPois}
 29895 | Elf:3    | Got the Grimoire of the Productive Lungs
 29918 | Elf:3    | Identified the +7 trident "Iselool" {venom, rElec}
 29924 | Elf:3    | Identified the +2 hand axe "Kithioze" {freeze, *Corrode
                  | Str+3}
 29927 | Elf:3    | Identified the staff "Diecaixem" {rF+ MP+9 Int-3 Earth}
 29934 | Elf:3    | Got the Thoughts on Frostbitten Relocation
 29937 | Elf:3    | Identified the ring of Cheibriados's Delight {rF- rN+ rCorr
                  | MP+9 Dex+4}
 29941 | Elf:3    | Identified the amulet "Waruofad" {Spirit ^Contam +Inv rPois
                  | rC+}
 30014 | Elf:3    | Received a gift from Okawaru
 30566 | D:14     | Found a gate to the Vaults.
 30571 | D:14     | Reached skill level 26 in Fighting
 30577 | Vaults:1 | Entered Level 1 of the Vaults
 30577 | Vaults:1 | Noticed Nikola
 30584 | Vaults:1 | Killed Nikola
 31044 | Vaults:1 | Reached XP level 19. HP: 204/204 MP: 27/27
 31141 | Vaults:1 | Received a gift from Okawaru
 31247 | Vaults:1 | Found the +8 frozen axe "Frostbite" {freeze, freezing
                  | cloud, *Noise Fly rC+}
 31976 | Vaults:2 | Reached skill level 27 in Fighting
 32050 | Vaults:2 | Received a gift from Okawaru
 32481 | Depths:1 | Entered Level 1 of the Depths
 32603 | Depths:2 | Noticed Pikuto's ghost (adept MiBe)
 32603 | Depths:2 | Found a runed translucent door.
 32657 | Depths:2 | Received a gift from Okawaru
 32802 | Depths:2 | Killed Pikuto's ghost
 32869 | Depths:2 | Found a one-way gate to the infinite horrors of the Abyss.
 32879 | Abyss:3  | Cast into level 3 of the Abyss (unwielding a weapon of
                  | distortion)
 32963 | Abyss:3  | Gained mutation: Your body sometimes deteriorates upon
                  | taking damage. [a neqoxec]
 33024 | Abyss:3  | Noticed a bone dragon
 33120 | Abyss:3  | Received a gift from Okawaru
 33177 | Abyss:3  | Reached XP level 20. HP: 127/172 MP: 1/28
 33183 | Abyss:3  | Got an abyssal rune of Zot
 33191 | Depths:2 | Escaped the Abyss
 33431 | Depths:2 | Found a shadowy altar of Dithmenos.
 33483 | Depths:4 | Entered Level 4 of the Depths
 33570 | Depths:4 | Found a gateway to Hell.
 33646 | Depths:4 | Received a gift from Okawaru
 33658 | Depths:4 | Noticed a bone dragon
 33679 | Depths:4 | Killed a bone dragon
 33692 | Depths:4 | Noticed a golden dragon
 33693 | Depths:4 | Found a gate to the Realm of Zot.
 33699 | Depths:4 | Killed a golden dragon
 33702 | Depths:4 | Got a midnight gem with 2205 turns to spare
 33704 | Zot:1    | Entered Level 1 of the Realm of Zot
 33953 | Zot:4    | Reached skill level 15 in Dodging
 34020 | Zot:5    | Entered Level 5 of the Realm of Zot
 34302 | Zot:5    | Received a gift from Okawaru
 34361 | Zot:5    | Noticed a golden dragon
 34376 | Zot:5    | Killed a golden dragon
 34625 | Zot:5    | Noticed a dread lich
 34625 | Zot:5    | Noticed a Killer Klown
 34625 | Zot:5    | Noticed a dread lich
 34625 | Zot:5    | Noticed a Killer Klown
 34625 | Zot:5    | Noticed a curse toe
 34625 | Zot:5    | Noticed an orb of fire
 34625 | Zot:5    | Noticed an ancient lich
 34625 | Zot:5    | Noticed a golden dragon
 34625 | Zot:5    | Noticed a Killer Klown
 34625 | Zot:5    | Noticed a Killer Klown
 34626 | Zot:5    | Noticed an orb of fire
 34626 | Zot:5    | Noticed a Killer Klown
 34626 | Zot:5    | Noticed a Killer Klown
 34629 | Arena    | Entered the Arena
 34647 | Zot:5    | Noticed a golden dragon
 34648 | Zot:5    | Noticed a Killer Klown
 34648 | Zot:5    | Noticed a golden dragon
 34696 | Zot:5    | Reached XP level 21. HP: 224/224 MP: 21/29
 34723 | Zot:5    | Killed a dread lich
 34735 | Zot:5    | Noticed a Killer Klown
 34751 | Zot:5    | Killed an ancient lich
 34751 | Zot:5    | Received a gift from Okawaru
 34768 | Zot:5    | Noticed an orb of fire
 34770 | Zot:5    | Noticed a Killer Klown
 34775 | Zot:5    | Killed a Killer Klown
 34779 | Zot:5    | Killed from afar by a Killer Klown

Illustrated notes

Levels and vault maps discovered:
D:1:      spicycebolla_arrival_ecumenical, layout_loops_ring
D:2:      layout_rooms
D:3:      layout_loops_ring, gammafunk_ghost_nasty_kobolds, solitary_fountain,
          uniq_natasha, uniq_sigmund, uniq_robin
D:4:      layout_basic, minmay_temple_entry_poolview, uniq_edmund
D:5:      layout_loops_cross
D:6:      layout_rooms, grunt_temple_overflow_open, nicolae_stop_n_shop_1
D:7:      layout_rooms, serial_shops, shop, uniq_jeremiah
D:8:      layout_loops_ring, grunt_temple_overflow_champion_of_chaos,
          chequers_garden, uniq_erica
D:9:      layout_basic, erik_lair_orcish_takeover, uniq_grum, uniq_maurice
D:10:     layout_small_grid
D:11:     layout_rooms, uniq_sonja
D:12:     layout_long_grid, hiddenorc2_lemuel, gauntlet_entry_generic,
          serial_shops, nicolae_lakefront_shop
D:13:     hangedman_surveillance_ring, layout_long_grid, minmay_misc_feat_tiny,
          uniq_josephine
D:14:     layout_roguey, grunt_vaults_entry_fortified, hex_medium
D:15:     hangedman_depths_entry_civil_slaughter, layout_cave_pools,
          minivault_23, minivault_10
Temple:   sentei_temple_godly_chess
Lair:1:   layout_regular_city, st_stairs_3, chequers_serial_rivers_micro_b,
          beast_lair_carwin_9
Lair:2:   layout_misc_corridors, alex1729_swamp_entry_worm_eleionoma,
          nicolae_spider_entry_non_spiders, serial_bayou_pond_a
Lair:3:   layout_cave_pods, gammafunk_ghost_wrathful_warriors,
          pdpol_lair_cavern_descent
Lair:4:   layout_gridlike, minmay_slime_entry_pillars, dreamdust_wasp_nest
Lair:5:   evilmike_catoblepas_cave, layout_loops_ring, grunt_megastairs_3
Swamp:1:  layout_basic_swamp, serial_swamp_ruin, hangedman_swamp_ruin_hall,
          evilmike_swamp_ruin_wall, evilmike_swamp_ruin_house_4, uniq_aizul
Swamp:2:  layout_falls_marsh, evilmike_swamp_ruin_house_6, swamp_pool_1_2,
          nicolae_swamp_necromancy_gone_wrong, infiniplex_staircase_pool_2
Swamp:3:  layout_basic_swamp, evilmike_swamp_ruin_rubble_2, swamp_pool_1_2,
          nicolae_swamp_little_tower, uniq_mara, uniq_louise
Swamp:4:  nzn_swamp_witches_coven, layout_basic_swamp
Spider:1: layout_spider_delve, hangedman_spider_tarantella_strand,
          uniq_mlioglotl
Spider:2: layout_chambers, portal_ice_cave_entry_ice_statue_two, uniq_arachne,
          uniq_azrael, uniq_asterion
Spider:3: layout_spider_delve, drop_trap, nicolae_spider_bug_shape
Spider:4: guppyfry_spider_rune, beargit_elvish_explorers, uniq_agnes,
          uniq_bai_suzhen
Orc:1:    layout_caves
Orc:2:    grunt_orc_community_town_hall, layout_caves,
          grunt_orc_community_big_house_1, grunt_orc_community_big_house_2,
          grunt_orc_community_house_3, grunt_orc_community_house_2,
          grunt_orc_community_house_2, grunt_orc_community_house_2
Elf:1:    layout_gridlike, kennysheep_underground_church,
          nicolae_elf_shapeshifter_party
Elf:2:    nicolae_elf_blades_splatter_lattice
          [nicolae_blade_entry_diamond_columns], layout_geoelf_octagon,
          portal_desolation_entry_nicolae_nacl, kb_rosetta
Elf:3:    elf_hall, layout_geoelf_grid, uniq_zenata
Vaults:1: nicolae_vaults_shipping_containers_5,
          nicolae_vaults_offset_grid_hallway_1, nicolae_vaults_double_plus_3,
          nicolae_vaults_spaceships, nicolae_vaults_storage_room_water,
          v_misc_15, ontoclasm_vaults_chip, layout_vaults_omnigrid, uniq_nikola
Vaults:2: grunt_vaults_hallway_short, v_misc_30, nicolae_vaults_network_barrier,
          nicolae_vaults_layer_cake_slice,
          serial_library_regret_index_small_wings, hangedman_vaults_snaps,
          nicolae_vaults_triangles, v_misc_33, st_smaller_cells,
          nicolae_vaults_storage_room_statues, nicolae_vaults_storage_closets_2,
          layout_vaults_maze
Depths:1: grunt_house_of_mirrors, layout_gridlike, serial_co_window_serial,
          co_window_paths_b, co_window_paths_b, co_window_corner_a,
          co_window_of_opportunity_a, co_window_corner_a, co_window_cross_4,
          co_window_corner_cb, co_window_corner_ca, co_window_broadway_b,
          co_window_unsneaky_path_c, glass_columns_a, hell_entry, minivault_16,
          kennysheep_nondescript, zin_scriptorium
Depths:2: cheibrodos_hall_of_evolution, layout_basic, special_room
          [special_room_mythical_zoo], hellmouth_3,
          hellmonk_ghost_happy_afterlife, grunt_pan_entry_sceptre,
          hangedman_abyss_entry_splay, minmay_misc_feat_more_columns,
          nicolae_dithmenos_through_a_glass_darkly
Depths:3: kennysheep_bubble_arena, layout_cave_pools, hellmouth_1, abyss_entry,
          grunt_pan_entry_zigzag, infiniplex_staircase_spiral
Depths:4: grunt_twist_and_shout, layout_cross, enter_ziggurat_b,
          hangedman_coc_ice_floe, serial_sigils, serial_sigils_hangedman_stare,
          serial_sigils_hangedman_confine, serial_sigils_hangedman_shear,
          serial_sigils_hangedman_leer, serial_sigils_hangedman_etch
Zot:1:    layout_cathedral_of_symmetry, st_stairs_12,
          regret_index_zotdec_bone_old, st_large_dragon_hoard_1,
          grunt_megastairs_2
Zot:2:    layout_basic
Zot:3:    kennysheep_blocky_room, layout_concentric_octagons
Zot:4:    layout_onion, regret_index_zotdec_icy_dp
Zot:5:    layout_gridlike, grunt_ministairs_6, st_stairs_1

Skill      XL: |  1  2  3  4  5  6  7  8  9 10 11 12 13 14 15 16 17 18 19 20 |
---------------+-------------------------------------------------------------+-----
Axes           | 4 5 6 7 8 9 11 12 15 17 19 21 22 | 22.0
Armour         | 2 4 8 10 13 15 17 20 | 20.6
Fighting       | 4 7 9 11 13 16 17 18 19 22 26 27 | 27.0
Invocations    | 5 6 8 9 11 12 | 12.0
Evocations     | 4 5 |  5.0
Dodging        | 5 9 10 13 16 | 16.8

Action                     |  1- 3 |  4- 6 |  7- 9 | 10-12 | 13-15 | 16-18 | 19-21 || total
---------------------------+-------+-------+-------+-------+-------+-------+-------++-------
  Melee: Hand axe          |    55 |    87 |    12 |       |       |       |       ||   154
         Headbutt          |     9 |    21 |    46 |   154 |   233 |   243 |   236 ||   942
         War axe           |       |       |   170 |   552 |    71 |       |       ||   793
         Broad axe         |       |       |       |       |    98 |       |       ||    98
         Executioner's axe |       |       |       |       |   679 |   969 |   798 ||  2446
  Throw: Throwing net      |       |       |       |     1 |       |       |       ||     1
 Invoke: Heroism           |       |       |     7 |    15 |    18 |    26 |    20 ||    86
         Finesse           |       |       |       |     1 |     2 |     8 |     9 ||    20
         Receive Weapon    |       |       |       |       |     1 |       |       ||     1
         Receive Armour    |       |       |       |       |     1 |       |       ||     1
         Duel              |       |       |       |       |       |       |     1 ||     1
  Evoke: Wand              |       |       |     6 |    19 |     4 |       |     1 ||    30
    Use: Scroll            |       |     1 |       |    10 |    26 |    14 |     9 ||    60
         Potion            |       |       |       |    11 |     7 |     4 |    14 ||    36
   Stab: Paralysed         |       |       |     4 |     6 |       |       |       ||    10
         Held in net/web   |       |       |       |     1 |       |       |       ||     1
         Petrified         |       |       |       |       |    14 |       |       ||    14
         Petrifying        |       |       |       |       |     1 |       |       ||     1
         Distracted        |       |       |       |       |       |     1 |     1 ||     2
         Invisible         |       |       |       |       |       |       |    12 ||    12
 Armour: Robe              |    14 |       |       |       |       |       |       ||    14
         Ring mail         |    16 |    30 |       |       |       |       |       ||    46
         Chain mail        |       |    22 |   149 |   430 |   112 |       |       ||   713
         Plate armour      |       |       |       |       |   676 |  1071 |   628 ||  2375
  Dodge: Dodged            |    31 |    42 |    82 |   215 |   414 |   598 |   432 ||  1814
